AoeStats
← DJax

Arabia

509779485Analyzed
1v1 RM · 3d ago on Sep 28, 2026· 23m 51s· 2 players
Game mode
Random Map
Map size
Tiny (2 player)
Population
200
Speed
Normal
Resources
Standard
Victory
Conquest
Starting age
Dark Age
Ending age
Imperial Age
RankedLock teamsTeams togetherTeam positionsShared explorationLock speedFull tech treeHidden civsTurbo modeCheats
Victory
Defeat
🇧🇷 Bulgarians · Brazil
984
+17
🇺🇸 Vikings · United States
1014
-17
Canabinoico_\|/_
10:30 Feudal Age
8:47 Loom
26:17 Castle Age
DJax
6:15 Loom
9:38 Feudal Age
11:01 Double-Bit Axe
11:00 Horse Collar
18:27 Castle Age
Connection lost

Rejoining the realm…

Still unreachable

The connection could not be restored.

Session expired

The server has moved on; the page needs a fresh start.